 Dungeon Crawl Stone Soup version 0.23-a0-395-gcf17ac6c65 (webtiles) character file.

13668 Notair the Severer (level 11, -18/104 HPs)
             Began as a Minotaur Gladiator on Nov 2, 2018.
             Was a High Priest of Okawaru.
             Demolished by a sun demon (28 damage)
             ... summoned by a kobold demonologist
             ... on level 11 of the Dungeon.
             The game lasted 00:43:18 (12997 turns).

Notair the Severer (Minotaur Gladiator)            Turns: 12997, Time: 00:43:20

Health: -18/104    AC: 15    Str: 22    XL:     11   Next: 78%
Magic:  12/13      EV: 12    Int:  5    God:    Okawaru [*****.]
Gold:   514        SH:  0    Dex: 12    Spells: 10/10 levels left

rFire    x . .     SeeInvis .   a - +2 whip (elec)
rCold    + . .     Gourm    .   (no shield)
rNeg     . . .     Faith    .   w - +0 chain mail
rPois    +         Spirit   .   c - +1 hat
rElec    .         Reflect  .   Q - +2 cloak {rPois}
rCorr    .         Harm     .   (no gloves)
MR       .....                  (no boots)
Stlth    ..........             D - amulet of the acrobat
HPRegen  0.27/turn              E - +1 ring of protection
MPRegen  0.13/turn              T - ring "Nupe" {Ice +Inv rPois}

@: heroism
A: retaliatory headbutt, horns 2
a: Heroism, Finesse, Renounce Religion, Evoke Invisibility


You were on level 11 of the Dungeon.
You worshipped Okawaru.
Okawaru was extremely pleased with you.
You were not hungry.

You visited 2 branches of the dungeon, and saw 12 of its levels.

You collected 514 gold pieces.

Inventory:

Hand Weapons
 a - a +2 whip of electrocution (weapon)
 b - a +0 hand crossbow
 d - a +3 hunting sling
 y - a +0 battleaxe
 C - a +0 war axe
 L - a +1 dire flail of protection
Missiles
 e - 215 stones
 r - a throwing net (quivered)
 u - 67 poisoned needles
 M - 18 sling bullets
Armour
 c - a +1 hat (worn)
 w - a +0 chain mail (worn)
 K - a +0 plate armour
 O - a +2 cloak of invisibility
 Q - a +2 cloak of poison resistance (worn)
Jewellery
 D - an amulet of the acrobat (around neck)
 E - a +1 ring of protection (left hand)
 T - the ring "Nupe" (right hand) {Ice +Inv rPois}
   (You found it on level 11 of the Dungeon)

   [ring of ice]

   It enhances your ice magic.
   It makes you vulnerable to fire.
   It protects you from cold.
   It protects you from poison.
   It lets you turn invisible.
Wands
 s - a wand of acid (17)
 z - a wand of iceblast (20)
 B - a wand of enslavement (11)
 F - a wand of paralysis (10)
 G - a wand of digging (4)
 S - a wand of scattershot (6)
Scrolls
 i - a scroll of identify
 j - 4 scrolls of amnesia
 l - a scroll of random uselessness {unknown}
 n - a scroll of fog
 o - 2 scrolls of enchant weapon
 p - a scroll of enchant armour
 t - a scroll of teleportation
 x - 2 scrolls of remove curse
 A - a scroll of fear {unknown}
 I - 2 scrolls of magic mapping
 N - a scroll of brand weapon {unknown}
Potions
 g - 2 potions of brilliance
 h - a potion of resistance
 k - 2 potions of cancellation
 m - 2 potions of agility
 q - a potion of flight
 v - 3 potions of curing
 H - 2 potions of berserk rage
 J - 2 potions of heal wounds
 U - a potion of magic {unknown}
Miscellaneous
 P - a phantom mirror
Comestibles
 f - 13 rations


   Skills:
 + Level 12.2(17.2) Fighting
 * Level 16.4(21.4) Axes
 - Level 2.0(7.0) Throwing
 + Level 1.0(6.0) Armour
 - Level 3.2(8.2) Dodging
 + Level 5.0 Invocations
 + Level 4.5 Evocations


You had 10 spell levels left.
You didn't know any spells.
Your spell library contained the following spells:

 Spells                   Type           Power        Failure   Level  Hunger
 Magic Dart               Conj           #...         99%         1    ##.....
 Blink                    Tloc           N/A          99%         2    ###....
 Call Imp                 Summ           #.......     99%         2    ###....
 Slow                     Hex            #.......     99%         2    ###....
 Conjure Flame            Conj/Fire      #.......     100%        3    ####...
 Mephitic Cloud           Conj/Pois/Air  #.......     100%        3    ####...


Dungeon Overview and Level Annotations

Branches:
Dungeon (11/15)            Temple (1/1) D:4            Lair (0/6) D:10
    Orc (0/2) D:9

Altars:
Cheibriados
Dithmenos
Elyvilon
Gozag
Hepliaklqana
Nemelex Xobeh
Okawaru
Ru
Sif Muna
Trog
Vehumet
Wu Jian
Xom

Shops:
D:4 [

Portals:
Trove: D:10 (give 17 potions of curing)


Innate Abilities, Weirdness & Mutations

You reflexively headbutt those who attack you in melee.
You have a pair of horns on your head.


Message History

The sun demon hits you but does no damage.
You hit the sun demon but do no damage. You hit the sun demon.
You headbutt the sun demon!
The sun demon is moderately wounded.
The sun demon closely misses you. You furiously retaliate!
You headbutt the sun demon, but do no damage.
You hit the sun demon but do no damage. Your headbutt misses the sun demon.
The sun demon is moderately wounded.
You closely miss the sun demon.
The sun demon is moderately wounded.
The sun demon hits you!
You are engulfed in flames!!
The fire burns you terribly!
* * * LOW HITPOINT WARNING * * *
Your chain mail prevents you from hitting the sun demon.
You headbutt the sun demon.
The sun demon is moderately wounded.
The sun demon hits you.
* * * LOW HITPOINT WARNING * * *
You are engulfed in flames!!
The fire burns you terribly!
You die...

#.###........##.##### #
#............##......
#...#..##.##.....########
.<.....÷....'.............
.#####.#)#.##.....### ####
...#...##.....#
#####.####..÷..# .#....
#..# ##.#### .....# ##@#
#.# .....# #3## #)#
.....###### ###KK###)###
## ..........#
#..K4...)).# #.
..........# #..........#
#. ..........#
#..........# #. #.......#
#..........# # #..K....#
#..........# #.K..(..#
#..........#


You could see a sun demon, a kobold demonologist, a chaos spawn and 2 kobolds.

Vanquished Creatures
  3 two-headed ogres
  A tengu warrior (D:10)
  An unseen horror (D:10)
  Pikel (D:5)
  An ugly thing (D:11)
  3 kobold demonologists (D:11)
  A troll (D:11)
  3 hippogriffs
  Sigmund (D:2)
  5 wraiths (D:10)
  A hungry ghost (D:8)
  14 yaks
  A steam dragon (D:11)
  A water moccasin (D:11)
  4 orc warriors
  2 sky beasts
  4 slaves (D:5)
  7 ogres
  2 phantoms (D:6)
  5 centaurs
  A crocodile (D:9)
  6 big kobolds (D:11)
  4 bullfrogs
  A scorpion (D:9)
  A water moccasin skeleton (D:8)
  6 killer bees (D:10)
  An electric eel (D:11)
  3 howler monkeys (D:8)
  8 crimson imps
  2 bullfrog zombies
  A centaur zombie (D:5)
  A quasit (D:8)
  A centaur skeleton (D:4)
  9 orc priests
  10 hounds
  2 jellies
  4 iguanas
  11 orc wizards
  8 worker ants
  Natasha (thrice) (D:2)
  A howler monkey zombie (D:8)
  2 worker ant zombies
  3 gnolls (D:4)
  14 adders
  A howler monkey skeleton (D:8)
  4 shadow imps
  An ooze (D:4)
  2 adder skeletons (D:6)
  3 worms (D:2)
  A dart slug (D:1)
  6 leopard geckos
  29 orcs
  6 giant cockroaches
  9 goblins
  2 hobgoblins
  6 jackals
  10 kobolds
  4 quokkas
  A ball python (D:3)
  7 bats
  5 frilled lizards
  A giant cockroach zombie (D:6)
  A jackal skeleton (D:6)
  A leopard gecko skeleton (D:4)
  A quokka skeleton (D:4)
  6 rats
271 creatures vanquished.

Vanquished Creatures (others)
  3 plants (D:10)
3 creatures vanquished.

Grand Total: 274 creatures vanquished

Notes
Turn   | Place    | Note
-------+----------+-------------------------------------------
     0 | D:1      | Notair the Minotaur Gladiator began the quest for the Orb.
     0 | D:1      | Reached XP level 1. HP: 18/18 MP: 0/0
   162 | D:1      | Reached skill level 4 in Axes
   251 | D:1      | Reached XP level 2. HP: 25/25 MP: 1/1
   739 | D:2      | Reached XP level 3. HP: 20/31 MP: 2/2
   936 | D:2      | Found an iron altar of Okawaru.
   944 | D:2      | Became a worshipper of Warmaster Okawaru
   985 | D:2      | Reached skill level 5 in Axes
  1324 | D:2      | Noticed Natasha
  1338 | D:2      | Killed Natasha
  1338 | D:2      | Reached XP level 4. HP: 12/40 MP: 3/3
  1610 | D:2      | Found an ornate altar of the Wu Jian Council.
  1770 | D:2      | Noticed Sigmund
  1790 | D:2      | Killed Sigmund
  1790 | D:2      | Reached * piety under Okawaru
  1790 | D:2      | Reached skill level 6 in Axes
  1790 | D:2      | Reached XP level 5. HP: 27/47 MP: 4/4
  2310 | D:2      | Noticed Natasha
  2316 | D:2      | Killed Natasha
  2316 | D:2      | Reached skill level 7 in Axes
  2316 | D:2      | Reached XP level 6. HP: 45/55 MP: 5/5
  2611 | D:2      | Found an iron altar of Okawaru.
  2679 | D:2      | Found an ornate altar of the Wu Jian Council.
  2958 | D:2      | Noticed Natasha
  2964 | D:2      | Killed Natasha
  3270 | D:3      | Reached skill level 5 in Fighting
  3851 | D:4      | Noticed an orc warrior
  3989 | D:4      | Found Nechidgho's Armour Shop.
  4039 | D:4      | Reached skill level 8 in Axes
  4092 | D:4      | Found a staircase to the Ecumenical Temple.
  4102 | Temple   | Entered the Ecumenical Temple
  4126 | D:4      | Reached XP level 7. HP: 36/61 MP: 6/6
  4281 | D:4      | Reached ** piety under Okawaru
  4281 | D:4      | Reached skill level 9 in Axes
  5003 | D:5      | Entered Level 5 of the Dungeon
  5496 | D:5      | Noticed Pikel
  5503 | D:5      | Killed Pikel
  5503 | D:5      | Reached *** piety under Okawaru
  5503 | D:5      | Reached skill level 10 in Axes
  5503 | D:5      | Reached XP level 8. HP: 33/73 MP: 7/7
  5689 | D:5      | Found a sacrificial altar of Ru.
  6149 | D:6      | Reached skill level 11 in Axes
  6638 | D:6      | Reached XP level 9. HP: 82/82 MP: 8/8
  6691 | D:6      | Found a sparkling altar of Nemelex Xobeh.
  6951 | D:6      | Reached skill level 12 in Axes
  6967 | D:6      | Reached **** piety under Okawaru
  7425 | D:7      | Found a shadowy altar of Dithmenos.
  7443 | D:7      | Found an opulent altar of Gozag.
  7516 | D:7      | Found a deep blue altar of Sif Muna.
  7519 | D:7      | Found a radiant altar of Vehumet.
  7519 | D:7      | Found a white marble altar of Elyvilon.
  7520 | D:7      | Found a snail-covered altar of Cheibriados.
  7521 | D:7      | Found an iron altar of Okawaru.
  7834 | D:7      | Found a bloodstained altar of Trog.
  8005 | D:8      | Reached skill level 13 in Axes
  8472 | D:8      | Found a shimmering altar of Xom.
  8574 | D:8      | Reached ***** piety under Okawaru
  8581 | D:8      | Found a hazy altar of Hepliaklqana.
  8686 | D:8      | Reached skill level 10 in Fighting
  8910 | D:8      | Noticed a two-headed ogre
  8919 | D:8      | Killed a two-headed ogre
  8919 | D:8      | Reached skill level 14 in Axes
  8919 | D:8      | Reached XP level 10. HP: 53/94 MP: 9/9
  9438 | D:9      | Received a gift from Okawaru
  9579 | D:9      | Found a staircase to the Orcish Mines.
  9606 | D:9      | Reached skill level 1 in Invocations
  9609 | D:9      | Reached skill level 1 in Evocations
 10001 | D:10     | Entered Level 10 of the Dungeon
 10087 | D:10     | Found the +5 scythe "Finisher" {speed, Str+3}
 10097 | D:10     | Reached skill level 15 in Axes
 10331 | D:10     | Found a staircase to the Lair.
 10399 | D:10     | Noticed a two-headed ogre
 10400 | D:10     | Reached XP level 11. HP: 65/102 MP: 12/12
 10803 | D:10     | Killed an unseen horror
 10990 | D:10     | Noticed a tengu warrior
 11005 | D:10     | Killed a tengu warrior
 11221 | D:10     | Found a portal to a secret trove of treasure.
 11431 | D:10     | Noticed a two-headed ogre
 11440 | D:10     | Killed a two-headed ogre
 11785 | D:10     | Found a staircase to the Lair.
 11820 | D:10     | Killed a two-headed ogre
 11820 | D:10     | Reached skill level 16 in Axes
 12265 | D:10     | Found a portal to a secret trove of treasure.
 12407 | D:11     | Noticed a white ugly thing
 12423 | D:11     | Killed a white ugly thing
 12423 | D:11     | Received a gift from Okawaru
 12429 | D:11     | Reached ****** piety under Okawaru
 12628 | D:11     | Received a gift from Okawaru
 12771 | D:11     | Got a sparkling bone ring
 12772 | D:11     | Identified the ring "Nupe" {Ice +Inv rPois} (You found it
                  | on level 11 of the Dungeon)
 12986 | D:11     | Reached skill level 5 in Invocations
 12989 | D:11     | Reached skill level 1 in Armour
 12990 | D:11     | Noticed a sun demon
 12997 | D:11     | Demolished by a sun demon

Vault maps used:
D:1:      lordsloth_arrival_two_stooges
D:2:      nicolae_overflow_crystal_walls, okawaru_gym_becter, uniq_sigmund,
          uniq_natasha
D:3:      minmay_distorted
D:4:      minmay_temple_entry_glassed_door, serial_shops, shop, first_ration
D:5:      marbit_many_paths, uniq_pikel
D:6:      minmay_diamond_boxcup, nemelex_xobeh_ov_fountains_minmay
D:7:      lemuel_crystal_altar, lemuel_doored_altar, grunt_temple_overflow_open,
          grunt_dithmenos_smoke, dk_noncrumbling_3
D:8:      nicolae_overflow_hidden_temple, kennysheep_mini_moat
D:9:      orc_0_dummy
D:10:     dpeg_oklobed_lair, enter_trove_0, grunt_tengu_nest,
          minmay_guarded_unrand_finisher
D:11:     kennysheep_big_empty_room, nicolae_twisting_strands, feat_on_display
Temple:   jpeg_temple_island

Skill      XL: |  1  2  3  4  5  6  7  8  9 10 11 |
---------------+----------------------------------+-----
Axes           | 4 5 6 7 8 10 11 14 15 16 | 16.4
Fighting       | 3 4 5 7 8 10 11 12 | 12.2
Invocations    | 3 5 |  5.0
Evocations     | 2 4 |  4.5
Armour         | 1 |  1.0
Throwing       | |  2.0
Dodging        | |  3.2

Action                   |  1- 3 |  4- 6 |  7- 9 | 10-12 || total
-------------------------+-------+-------+-------+-------++-------
Melee: War axe           |    51 |    76 |    90 |       ||   217
       Headbutt          |     9 |    10 |    67 |    82 ||   168
       Whip              |       |       |   227 |   352 ||   579
       Punch             |       |       |     1 |     1 ||     2
 Fire: Hunting sling     |       |    56 |    76 |    67 ||   199
Throw: Stone             |    54 |    35 |       |       ||    89
       Throwing net      |     2 |       |       |     1 ||     3
Invok: Heroism           |       |       |     2 |     5 ||     7
  Use: Scroll            |     1 |     1 |     8 |     8 ||    18
 Stab: Held in net/web   |       |       |       |     2 ||     2
  Eat: Chunk             |     1 |     4 |    14 |     9 ||    28
       Ration            |       |     1 |     2 |     1 ||     4
Armor: Leather armour    |    15 |    10 |       |       ||    25
       Chain mail        |       |    22 |   134 |   133 ||   289
Dodge: Dodged            |    47 |    42 |   135 |   144 ||   368

Table legend:
 A = Non-vault XP
 B = Vault XP
 C = Vault XP percentage of total XP
 D = Non-vault monster count
 E = Vault monster count
 F = Vault count percentage of total count
                 A         B        C        D         E       F
            +---------+---------+-------+---------+---------+-------
      Total |   16429 |    3098 |  15.9 |     251 |      16 |   6.0
            +---------+---------+-------+---------+---------+-------
        D:1 |      36 |       0 |   0.0 |      22 |       0 |   0.0
        D:2 |     177 |     237 |  57.2 |      25 |       2 |   7.4
        D:3 |     110 |      16 |  12.7 |      12 |       2 |  14.3
        D:4 |     656 |       0 |   0.0 |      22 |       0 |   0.0
        D:5 |     205 |     662 |  76.4 |       9 |       2 |  18.2
        D:6 |    1209 |     255 |  17.4 |      27 |       4 |  12.9
        D:7 |     508 |       0 |   0.0 |      18 |       0 |   0.0
        D:8 |    2082 |       0 |   0.0 |      25 |       0 |   0.0
        D:9 |    2551 |       0 |   0.0 |      21 |       0 |   0.0
       D:10 |    5204 |    1928 |  27.0 |      37 |       6 |  14.0
       D:11 |    3691 |       0 |   0.0 |      33 |       0 |   0.0
            +---------+---------+-------+---------+---------+-------
